 Dungeon Crawl Stone Soup version 0.26.1-11-gd32895ea62 (webtiles) character file.

Game seed: 4829189926993972553

102 DearestLeader the Chopper (level 4, 0/35 HPs)
             Began as a Demonspawn Abyssal Knight on May 5, 2021.
             Was a Believer of Lugonu.
             Succumbed to an adder's poison
             ... on level 3 of the Dungeon.
             The game lasted 00:04:49 (2711 turns).

DearestLeader the Chopper (DsAK)                    Turns: 2711, Time: 00:04:50

Health: 0/35       AC:  6    Str: 13    XL:     4   Next: 49%
Magic:  5/5        EV: 12    Int: 13    God:    Lugonu [**....]
Gold:   73         SH:  0    Dex: 13    Spells: 3/3 levels left

rFire    + + .     SeeInvis .   j - +0 war axe
rCold    + . .     Faith    .   (no shield)
rNeg     . . .     Spirit   .   l - +0 leather armour {rF+}
rPois    +         Reflect  .   (no helmet)
rElec    +         Harm     .   k - +0 cloak
rCorr    +         Rampage  .   (no gloves)
Will     .....                  (no boots)
Stlth    +.........             (no amulet)
HPRegen  0.11/turn              d - ring of resist corrosion
MPRegen  0.09/turn              (no ring)

@: lethally poisoned (0 -> -2), resistant
A: slimy green scales 1, powered by death 2
a: Renounce Religion, Depart the Abyss, Bend Space


You were on level 3 of the Dungeon.
You worshipped Lugonu.
Lugonu was pleased with you.
You visited 1 branch of the dungeon, and saw 3 of its levels.
You visited the Abyss 1 time.

You collected 73 gold pieces.

Inventory:

Hand Weapons
 a - a +1 hand axe
 j - a +0 war axe (weapon)
Armour
 k - a +0 cloak (worn)
 l - a +0 leather armour of fire resistance (worn)
Jewellery
 d - a ring of resist corrosion (left hand)
Scrolls
 f - 3 scrolls of remove curse
 i - 2 scrolls of noise
 m - 3 scrolls of enchant weapon
 o - 2 scrolls of teleportation
 q - a scroll of immolation {unknown}
Potions
 b - a potion of lignification
 c - a potion of brilliance
 g - a potion of might
 n - 2 potions of degeneration


   Skills:
 - Level 3.0 Fighting
 * Level 3.9 Axes
 - Level 2.0 Armour
 + Level 1.8 Dodging
 - Level 2.4 Invocations


You had 3 spell levels left.
You didn't know any spells.
Your spell library was empty.

Dungeon Overview and Level Annotations

Branches:
Dungeon (3/15)

Altars:
Ashenzari
Cheibriados


Innate Abilities, Weirdness & Mutations

You are partially covered in slimy green scales. (AC +2)
You regenerate health from kills.


Message History

* * * LOW HITPOINT WARNING * * *
You feel sick.
Okay, then.
Okay, then.
* * * LOW HITPOINT WARNING * * *
You feel sick.
* * * LOW HITPOINT WARNING * * *
You feel sick.
You hear the brisk rusting of a very distant drain.
Your transformation is almost over.
* * * LOW HITPOINT WARNING * * *
You feel sick.
* * * LOW HITPOINT WARNING * * *
You feel sick.
You feel less attractive to monsters.
You feel less wooden.
Your +0 cloak unmelds from your body.
Your +0 leather armour of fire resistance unmelds from your body.
You feel resistant to fire.
You die...

#..##.......########....>.
#.......##### #...)##
...####....# #....## .
####.## #...####
#..######.## ##).......
##### ##........# #.<..
#.......... #....
#@....$.... #...)
..........>...... #...)
..###.#.......... #....
#............ #..).
##........... #....
#.......... ......
#._....... #...#..
.......... ...###.. ..#
#..


There were no monsters in sight!

Vanquished Creatures
  5 adders
  A leopard gecko (D:2)
  An orc (D:3)
  A ball python (D:1)
  4 giant cockroaches
  7 goblins
  11 hobgoblins
  5 jackals
  3 kobolds
  A quokka (D:2)
  8 bats
  2 frilled lizards (D:2)
49 creatures vanquished.

Notes
Turn   | Place    | Note
-------+----------+-------------------------------------------
     0 | Abyss:1  | DearestLeader the Demonspawn Abyssal Knight began the quest
                  | for the Orb.
     0 | Abyss:1  | Reached XP level 1. HP: 18/18 MP: 2/2
    39 | Abyss:1  | Noticed an iron imp
    39 | Abyss:1  | Noticed a quicksilver dragon simulacrum
    40 | D:1      | Escaped the Abyss
   327 | D:1      | Reached * piety under Lugonu
   331 | D:1      | Gained mutation: You regenerate a little health from kills.
                  | [demonic ancestry]
   331 | D:1      | Reached XP level 2. HP: 4/24 MP: 3/3
  1115 | D:2      | Reached skill level 1 in Dodging
  1179 | D:2      | Gained mutation: You are partially covered in slimy green
                  | scales. (AC +2) [demonic ancestry]
  1179 | D:2      | Reached XP level 3. HP: 29/29 MP: 4/4
  1205 | D:2      | Found a broken altar of Ashenzari.
  2263 | D:3      | Gained mutation: You regenerate health from kills. [demonic
                  | ancestry]
  2263 | D:3      | Reached XP level 4. HP: 35/35 MP: 5/5
  2670 | D:3      | Found a snail-covered altar of Cheibriados.
  2688 | D:3      | HP: 2/52 [poisoned by an adder]
  2690 | D:3      | Reached ** piety under Lugonu
  2697 | D:3      | HP: 2/52 [poisoned by an adder]
  2703 | D:3      | HP: 1/52 [poisoned by an adder]
  2711 | D:3      | Succumbed to an adder's poison

Illustrated notes

Levels and vault maps discovered:
D:1:      dpeg_arrival_yet_another_circle, layout_basic
D:2:      layout_basic, evilmike_ruin_ashenzari
D:3:      layout_rooms, cheibriados_altar_1, old_standard_altar,
          portal_sewer_entry_e

Skill      XL: |  1  2  3 |
---------------+----------+-----
Axes           | 2 3 |  3.9
Dodging        | 1 |  1.8
Armour         | 2 |  2.0
Fighting       | |  3.0
Invocations    | |  2.4

Action                   |  1- 3 |  4- 6 || total
-------------------------+-------+-------++-------
Melee: Hand axe          |    71 |       ||    71
       War axe           |    70 |    36 ||   106
Invok: Depart the Abyss  |     1 |       ||     1
  Use: Scroll            |     8 |       ||     8
       Potion            |       |     4 ||     4
 Stab: Sleeping          |     1 |       ||     1
Armor: Leather armour    |    47 |    17 ||    64
       Ring mail         |    18 |       ||    18
       Skin              |       |     5 ||     5
Dodge: Dodged            |   106 |    23 ||   129
